 Dungeon Crawl Stone Soup version 0.25-a0-435-g4b9beb1024 (webtiles) character file.

Game seed: 4740461578530694571, levelgen mode: deterministic

862 Kohma the Grave Robber (level 7, -1/55 HPs)
             Began as a Deep Dwarf Necromancer on Jan 27, 2020.
             Slain by a bullfrog zombie (2 damage)
             ... on level 7 of the Dungeon.
             The game lasted 00:21:27 (6526 turns).

Kohma the Grave Robber (Deep Dwarf Necromancer)     Turns: 6526, Time: 00:21:27

Health: -1/55      AC:  2    Str: 12    XL:     7   Next: 72%
Magic:  19/19 (10) EV: 14    Int: 14    God:
Gold:   170        SH:  0    Dex: 13    Spells: 4/13 levels left

rFire    + + .     SeeInvis .   B - +3 dagger (venom)
rCold    + . .     Gourm    .   (no shield)
rNeg     . . .     Faith    .   y - +1 leather armour {rF+}
rPois    .         Spirit   .   (helmet restricted)
rElec    .         Reflect  .   s - scarf {rC+ rF+}
rCorr    .         Harm     .   (no gloves)
MR       +....                  (no boots)
Stlth    +++.......             (no amulet)
HPRegen  0.00/turn              k - ring of magical power
MPRegen  0.16/turn              o - -3 ring of intelligence (curse)

@: non-regenerating
A: damage resistance, heal wounds, horns 1, deformed body, sense surroundings 1,
no regeneration
a: Heal Wounds


You were on level 7 of the Dungeon.
You were hungry.

You visited 1 branch of the dungeon, and saw 6 of its levels.

You collected 170 gold pieces.

Inventory:

Hand Weapons
 B - a +3 dagger of venom (weapon)
Missiles
 j - 7 javelins (quivered)
Armour
 a - a +0 robe
 i - a +0 buckler
 q - a scarf of repulsion
 s - a scarf of resistance (worn)
 x - a scarf of spirit shield
 y - a +1 leather armour of fire resistance (worn)
Jewellery
 k - a ring of magical power (left hand)
 o - a cursed -3 ring of intelligence (right hand)
Scrolls
 b - a scroll of random uselessness
 d - a scroll of remove curse
 e - a scroll of enchant weapon
 g - 2 scrolls of identify
 h - a scroll of fog
 p - 2 scrolls of fear
Potions
 z - a potion of lignification {unknown}
Comestibles
 c - 7 rations


   Skills:
 + Level 4.9 Dodging
 - Level 5.0 Stealth
 + Level 0.0 Shields
 + Level 3.7 Spellcasting
 * Level 7.6 Necromancy


You had 4 spell levels left.
You knew the following spells:

 Your Spells              Type           Power        Failure   Level  Hunger
a - Pain                  Necr           ###.         1%          1    None
b - Animate Skeleton      Necr           N/A          1%          1    None
c - Vampiric Draining     Necr           ###.......   3%          3    ###....
d - Animate Dead          Necr           N/A          11%         4    ####...

Your spell library contained the following spells:

 Spells                   Type           Power        Failure   Level  Hunger
 Agony                    Necr           ###.....     30%         5    ######.


Dungeon Overview and Level Annotations

Branches:
Dungeon (5/15)
 Temple: D:4-7

Altars:
Qazlal
Wu Jian

Annotations:
D:4 3 runed translucent doors, PeterQ's ghost, amateur GnGl; iamserjio's ghost, novice OpNe


Innate Abilities, Weirdness & Mutations

You are resistant to damage.
You can heal yourself by infusing magical energy.
You passively map a small area around you.
You do not regenerate.
You have a pair of small horns on your head.
Armour fits poorly on your strangely shaped body.


Message History

The bullfrog zombie closely misses you.
You hit the bullfrog zombie.
The bullfrog zombie is severely damaged.
The bullfrog zombie closely misses you. The bullfrog zombie misses you.
You hit the bullfrog zombie.
Your headbutt misses the bullfrog zombie.
The bullfrog zombie is severely damaged.
The bullfrog zombie hits you.
* * * LOW HITPOINT WARNING * * *
You hit the bullfrog zombie. You headbutt the bullfrog zombie.
The bullfrog zombie is almost destroyed.
The bullfrog zombie hits you.
* * * LOW HITPOINT WARNING * * *
You closely miss the bullfrog zombie.
The bullfrog zombie is almost destroyed.
The bullfrog zombie closely misses you. x2
You barely miss the bullfrog zombie.
The bullfrog zombie is almost destroyed.
The bullfrog zombie hits you.
You die...

* , , ,
#####+####
*
*#.........
* * *
#.........
* *
#.........
,
#.........
*
#.........
*
*#.@.......
#..Z......
,
#?........
#######..$
, ,* *,.. ,
*, . , ,, ,
* ,


You could see a bullfrog zombie.

Vanquished Creatures
  Grinder (D:3)
  Sigmund (D:4)
  2 ogres (D:4)
  An orc priest (D:4)
  2 orc wizards (D:3)
  2 worker ants (D:4)
  3 gnolls (D:3)
  5 adders
  2 oozes
  2 dart slugs
  2 leopard geckos
  18 orcs
  4 bats (D:1)
  3 giant cockroaches
  5 goblins
  13 hobgoblins
  10 jackals
  A ball python (D:2)
  2 frilled lizards (D:2)
  16 kobolds
  13 rats
108 creatures vanquished.

Vanquished Creatures (collateral kills)
  2 worms
  A jackal (D:3)
  A leopard gecko skeleton (D:4)
4 creatures vanquished.

Vanquished Creatures (others)
  A plant (D:1)
1 creature vanquished.

Grand Total: 113 creatures vanquished

Notes
Turn   | Place    | Note
-------+----------+-------------------------------------------
     0 | D:1      | Kohma the Deep Dwarf Necromancer began the quest for the
                  | Orb.
     0 | D:1      | Reached XP level 1. HP: 15/15 MP: 3/3
   333 | D:1      | Reached XP level 2. HP: 22/22 MP: 1/4
   633 | D:1      | Learned a level 1 spell: Animate Skeleton
  1007 | D:1      | Reached XP level 3. HP: 21/28 MP: 1/6
  1265 | D:2      | Learned a level 3 spell: Vampiric Draining
  1759 | D:2      | Reached skill level 5 in Necromancy
  2176 | D:2      | Reached XP level 4. HP: 27/36 MP: 0/7
  2350 | D:2      | Found a stormy altar of Qazlal.
  3265 | D:3      | Noticed Grinder
  3704 | D:3      | Reached XP level 5. HP: 18/42 MP: 4/8
  4593 | D:3      | Learned a level 4 spell: Animate Dead
  4632 | D:3      | Paralysed by Grinder for 2 turns
  4646 | D:3      | Paralysed by Grinder for 4 turns
  4743 | D:4      | Noticed an ogre
  5037 | D:3      | Reached skill level 6 in Necromancy
  5191 | D:3      | Reached XP level 6. HP: 7/49 MP: 1/9
  5483 | D:3      | Killed Grinder
  5716 | D:4      | Found a runed translucent gate.
  5716 | D:4      | Found a runed translucent gate.
  5716 | D:4      | Found a runed translucent gate.
  5732 | D:4      | Reached skill level 5 in Stealth
  5732 | D:4      | Reached XP level 7. HP: 26/55 MP: 10/10
  5798 | D:4      | Reached skill level 7 in Necromancy
  5941 | D:4      | Noticed Sigmund
  6165 | D:4      | Gained mutation: Armour fits poorly on your strangely
                  | shaped body. [potion of mutation]
  6165 | D:4      | Gained mutation: You have a pair of small horns on your
                  | head. [potion of mutation]
  6172 | D:4      | HP: 2/55 [something (5)]
  6177 | D:4      | Killed Sigmund
  6244 | D:4      | Found an ornate altar of the Wu Jian Council.
  6455 | D:4      | Noticed PeterQ's ghost (amateur GnGl)
  6455 | D:4      | Noticed iamserjio's ghost (novice OpNe)
  6492 | D:5      | Entered Level 5 of the Dungeon
  6518 | D:5      | You fall into a shaft and drop 2 floors!
  6524 | D:7      | HP: 1/55 [bullfrog zombie (4)]
  6526 | D:7      | Slain by a bullfrog zombie

Levels and vault maps discovered:
D:1:      ebering_hopf_link, layout_basic, minmay_misc_feat_hallway,
          lexackson_kobold_supper
D:2:      layout_loops_ring, nicolae_overflow_crystal_walls, minmay_tromino_mix6
D:3:      layout_loops_corners, uniq_grinder
D:4:      layout_rooms, old_standard_altar, gammafunk_ghost_cemetery,
          feat_on_display, uniq_sigmund
D:5:      layout_basic, chequers_temple_overflow_statue_of_worship,
          ebering_ghost_sewer_d, first_ration, minivault_4, corner_web_ring,
          uniq_duvessa, uniq_pikel, uniq_edmund
D:7:      layout_basic, nicolae_dithmenos_shadow_blocks

Skill      XL: |  1  2  3  4  5  6  7 |
---------------+----------------------+-----
Spellcasting   | 2 3 |  3.7
Stealth        | 3 4 5 |  5.0
Necromancy     | 5 6 7 |  7.6
Dodging        | 3 4 |  4.9

Action                   |  1- 3 |  4- 6 |  7- 9 || total
-------------------------+-------+-------+-------++-------
Melee: Short sword       |     7 |       |       ||     7
       Spear             |    53 |    43 |       ||    96
       Whip              |       |    37 |       ||    37
       Dagger            |       |     8 |    16 ||    24
       Headbutt          |       |       |     3 ||     3
Throw: Javelin           |       |     3 |       ||     3
 Cast: Pain              |    52 |    65 |     8 ||   125
       Animate Skeleton  |     7 |     8 |     2 ||    17
       Vampiric Draining |     7 |    26 |    11 ||    44
 Abil: Heal Wounds       |       |     2 |     1 ||     3
  Use: Scroll            |       |    10 |       ||    10
       Potion            |       |     2 |     1 ||     3
 Stab: Sleeping          |       |     3 |       ||     3
  Eat: Chunk             |     5 |    15 |     4 ||    24
Armor: Robe              |    19 |    10 |       ||    29
       Leather armour    |       |     3 |     1 ||     4
Dodge: Dodged            |    53 |    95 |    11 ||   159

Table legend:
 A = Non-vault XP
 B = Vault XP
 C = Vault XP percentage of total XP
 D = Non-vault monster count
 E = Vault monster count
 F = Vault count percentage of total count
                 A         B        C        D         E       F
            +---------+---------+-------+---------+---------+-------
      Total |     701 |     531 |  43.1 |     101 |      11 |   9.8
            +---------+---------+-------+---------+---------+-------
        D:1 |      35 |       7 |  16.7 |      21 |       5 |  19.2
        D:2 |      75 |      15 |  16.7 |      27 |       4 |  12.9
        D:3 |     200 |     286 |  58.8 |      35 |       1 |   2.8
        D:4 |     391 |     223 |  36.3 |      18 |       1 |   5.3
            +---------+---------+-------+---------+---------+-------
